 Dungeon Crawl Stone Soup version 0.25.0-1-g7eea58d2a3 (webtiles) character file.

Game seed: 8809126658798820409

3083 inmateoo the Martial Artist (level 9, -1/91 HPs)
             Began as an Octopode Transmuter on June 13, 2020.
             Slain by an orc warrior
             ... wielding a +0 long sword
              (9 damage)
             ... on level 7 of the Dungeon.
             The game lasted 00:09:14 (8719 turns).

inmateoo the Martial Artist (Octopode Transmuter)   Turns: 8719, Time: 00:09:14

Health: -1/91      AC: 24    Str:  9    XL:     9   Next: 89%
Magic:  14/16      EV:  2    Int: 18    God:
Gold:   201        SH:  0    Dex: 13    Spells: 8/18 levels left

rFire    . . .     SeeInvis .     - Unarmed
rCold    . . .     Gourm    .   (no shield)
rNeg     + + +     Faith    .   (helmet currently unavailable)
rPois    +         Spirit   .   (no amulet)
rElec    .         Reflect  .   g - ring of protection from magic
rCorr    .         Harm     .   (no ring)
MR       +....     NoTele   +   (no ring)
Stlth    +.........             (no ring)
HPRegen  0.25/turn              (no ring)
MPRegen  0.15/turn              (no ring)
                                (no ring)
                                (no ring)

@: mighty, tree-form, marked, very slightly contaminated
A: almost no armour, stealthy swim, (amphibious), 8 rings, (constrict 8)
a: no special abilities


You were on level 7 of the Dungeon.
You were very hungry.
You were a tree.
You visited 1 branch of the dungeon, and saw 7 of its levels.

You collected 355 gold pieces.
You spent 154 gold pieces at shops.

Inventory:

Missiles
 a - 52 arrows
Jewellery
 g - a ring of protection from magic (left branch)
Wands
 j - a wand of disintegration (2)
 o - a wand of acid (1)
Scrolls
 d - 4 scrolls of remove curse
 f - 2 scrolls of amnesia
 h - a scroll of magic mapping
 l - 2 scrolls of teleportation
 p - 3 scrolls of identify
Potions
 b - a potion of lignification
 i - 2 potions of brilliance
 k - 5 potions of stabbing
 n - a potion of flight
 q - a potion of might
Comestibles
 c - 10 rations


   Skills:
 + Level 5.4 Fighting
 + Level 4.2 Dodging
 * Level 9.6 Unarmed Combat
 + Level 5.2 Spellcasting
 + Level 5.4 Transmutations


You had 8 spell levels left.
You knew the following spells:

 Your Spells              Type           Power        Failure   Level  Hunger
a - Beastly Appendage     Tmut           ###...       1%          1    None
b - Sticks to Snakes      Tmut           ###.....     2%          2    #......
c - Spider Form           Tmut/Pois      ##........   13%         3    ##.....
d - Ice Form              Ice/Tmut       ##......     38%         4    ####...

Your spell library contained the following spells:

 Spells                   Type           Power        Failure   Level  Hunger
 Confusing Touch          Hex            #.......     36%         3    ##.....
 Gell's Gravitas          Tloc           #.........   36%         3    ##.....
 Blade Hands              Tmut           ###.......   36%         5    ######.
 Petrify                  Tmut/Erth      ##......     38%         4    ####...
 Yara's Violent Unravell  Hex/Tmut       ##........   75%         5    ######.
 Metabolic Englaciation   Hex/Ice        #.........   98%         5    ######.


Dungeon Overview and Level Annotations

Branches:
Dungeon (7/15)
 Temple: D:4-7

Altars:
Ashenzari
Fedhas
Gozag
Kikubaaqudgha
Sif Muna
Trog
Yredelemnul
The Shining One

Shops:
D:4 *?

Annotations:
D:5 1 runed translucent door


Innate Abilities, Weirdness & Mutations

You cannot wear most types of armour.
You are very stealthy in the water. (Stealth+)
((You are amphibious.))
You can wear up to eight rings at the same time.
((You can use your tentacles to constrict eight enemies at once.))
((Your skin changes colour to match your surroundings (Stealth+).))
((Your rubbery body absorbs attacks. (AC +1, EV +1)))


Message History

Unknown command.
You pummel Harold!!
Harold is severely wounded.
Harold hits you but does no damage. The orc hits you but does no damage.
Unknown command.
Unknown command.
You pummel Harold!!
Harold is almost dead.
The orc warrior hits you but does no damage.
The orc hits you but does no damage.
Harold thinks, and says "Perhaps I'll take up hiking after I'm done here..."
Harold casts a spell at you. A sentinel's mark forms upon you.
Unknown command.
You smack Harold!
You kill Harold!
Your Dodging skill increases to level 4!
Your Spellcasting skill increases to level 5!
The orc warrior hits you with a +0 long sword!
You die...

##..### .#....
##...####....._
##...#...#.... .
##......# ... .
#......# .. .
##...#..# ##.####.
##...###...........
#o)o.# ######.....
#.♣).#### ##.....#
#.......####..#....
##..#........###...
##.#######.## ###.
#.# #.# ## #.# #.#
# #.# ###.##
##<#####....## #
##.....#......#####


You could see an orc warrior and an orc.

Vanquished Creatures
  Harold (D:7)
  Pikel (D:5)
  A hippogriff (D:7)
  2 ice beasts (D:7)
  A sky beast (D:7)
  2 ogres
  A centaur (D:6)
  3 bullfrogs
  A wyvern skeleton (D:6)
  A howler monkey (D:5)
  3 vampire bats (D:6)
  A crimson imp (D:5)
  A quasit (D:7)
  3 hounds
  An orc priest (D:5)
  2 bullfrog zombies (D:5)
  A human zombie (D:5)
  An iguana (D:6)
  3 orc wizards (D:7)
  5 worker ants
  A howler monkey zombie (D:7)
  2 gnolls (D:5)
  11 adders
  4 river rats (D:5)
  A shadow imp (D:6)
  An adder skeleton (D:4)
  2 adder zombies
  3 worms
  A dart slug (D:3)
  8 leopard geckos
  5 orcs
  A ball python (D:2)
  3 bat skeletons (D:6)
  3 bat zombies (D:6)
  7 giant cockroaches
  14 goblins
  5 hobgoblins
  3 jackals (D:2)
  8 kobolds
  4 quokkas
  5 bats
  6 frilled lizards
  A jackal skeleton (D:4)
  10 rats
144 creatures vanquished.

Vanquished Creatures (collateral kills)
  A kobold (D:2)
1 creature vanquished.

Vanquished Creatures (others)
  A giant cockroach (D:5)
  3 fungi (D:2)
  10 toadstools (D:2)
14 creatures vanquished.

Grand Total: 159 creatures vanquished

Notes
Turn   | Place    | Note
-------+----------+-------------------------------------------
     0 | D:1      | inmateoo the Octopode Transmuter began the quest for the
                  | Orb.
     0 | D:1      | Reached XP level 1. HP: 13/13 MP: 3/3
   130 | D:1      | Reached XP level 2. HP: 11/18 MP: 3/5
   640 | D:1      | Reached skill level 4 in Unarmed Combat
   647 | D:1      | Reached XP level 3. HP: 18/23 MP: 6/6
  1535 | D:2      | Found a bloodstained altar of Trog.
  1680 | D:2      | Learned a level 2 spell: Sticks to Snakes
  1684 | D:2      | Learned a level 3 spell: Spider Form
  1830 | D:2      | Reached XP level 4. HP: 28/28 MP: 5/7
  1951 | D:2      | Reached skill level 5 in Unarmed Combat
  1996 | D:2      | Found a shimmering blue altar of Sif Muna.
  2727 | D:3      | Reached XP level 5. HP: 33/33 MP: 8/8
  3379 | D:3      | Found a faded altar of an unknown god.
  3522 | D:4      | Reached skill level 6 in Unarmed Combat
  3856 | D:4      | Noticed an ogre
  3864 | D:4      | Killed an ogre
  3864 | D:4      | Reached XP level 6. HP: 39/39 MP: 2/9
  4062 | D:4      | Found an opulent altar of Gozag.
  4063 | D:4      | Found Gozag's Platinum Reserve.
  4094 | D:4      | Found Reet's Magic Scroll Shoppe.
  4097 | D:4      | Bought a scroll of identify for 22 gold pieces
  4097 | D:4      | Bought a scroll of identify for 22 gold pieces
  4097 | D:4      | Bought a scroll of identify for 22 gold pieces
  4097 | D:4      | Bought a scroll of identify for 22 gold pieces
  4097 | D:4      | Bought a scroll of identify for 22 gold pieces
  4097 | D:4      | Bought a scroll of teleportation for 33 gold pieces
  4097 | D:4      | Bought a scroll of random uselessness for 11 gold pieces
  4675 | D:5      | Entered Level 5 of the Dungeon
  4868 | D:5      | Reached XP level 7. HP: 36/45 MP: 9/11
  5228 | D:5      | Learned a level 4 spell: Ice Form
  5676 | D:5      | Found a runed translucent door.
  5676 | D:5      | Noticed a human
  5726 | D:5      | Found a basalt altar of Yredelemnul.
  5966 | D:5      | Noticed Pikel
  5980 | D:5      | HP: 2/46 [Pikel/+2 whip of flaming (7)]
  5986 | D:5      | Killed Pikel
  5986 | D:5      | Reached skill level 7 in Unarmed Combat
  5986 | D:5      | Reached XP level 8. HP: 27/54 MP: 11/14
  6591 | D:6      | Reached skill level 8 in Unarmed Combat
  6666 | D:6      | Found a blossoming altar of Fedhas.
  6721 | D:6      | Found a glowing golden altar of the Shining One.
  6802 | D:6      | Found a basalt altar of Yredelemnul.
  7232 | D:6      | Found an ancient bone altar of Kikubaaqudgha.
  7823 | D:7      | Reached XP level 9. HP: 59/59 MP: 10/15
  8000 | D:7      | Reached skill level 9 in Unarmed Combat
  8181 | D:7      | Found a shattered altar of Ashenzari.
  8385 | D:7      | Reached skill level 5 in Fighting
  8385 | D:7      | Reached skill level 5 in Transmutations
  8392 | D:7      | Noticed Harold
  8700 | D:7      | HP: 3/61 [orc warrior/boomerang (6)]
  8719 | D:7      | Killed Harold
  8719 | D:7      | Reached skill level 5 in Spellcasting
  8719 | D:7      | Slain by an orc warrior

Illustrated notes

Levels and vault maps discovered:
D:1:      arrival_zaba_pyramid, layout_loops_ring
D:2:      cheibrodos_fertilizer, layout_loops_ring, led_sif_pool,
          lightli_temple_of_fire, supply_closet_lemuel,
          corexii_item_surrounded_by_moat, minmay_tetromino_t2
D:3:      layout_basic, chequers_ecumenical_altar_grove
D:4:      layout_loops_cross, nicolae_gozag_zags_fifth_avenue, first_ration,
          serial_forest, infiniplex_forest_lined_3,
          infiniplex_forest_clump_curved, infiniplex_forest_zigzag_1,
          infiniplex_forest_clump_C, infiniplex_forest_straight_1,
          infiniplex_forest_join, infiniplex_forest_straight_2,
          infiniplex_forest_clump_curved, serial_shops,
          nicolae_shop_behind_doors, eino_tiny_chamber, grunt_tough_drop
D:5:      wad_woods_tower, layout_basic, dk_yredelemnul_ordeal, uniq_pikel
D:6:      layout_basic, kennysheep_vampire_church,
          nicolae_overflow_crystal_walls, overflow_temple_1_default,
          fedhas_altar_1
D:7:      layout_layer_cave, old_standard_altar, nicolae_overflow_hidden_temple,
          minmay_temple_entry_proselytizer, uniq_menkaure, uniq_harold

Skill      XL: |  1  2  3  4  5  6  7  8  9 |
---------------+----------------------------+-----
Unarmed Combat | 4 5 6 7 8 9 |  9.6
Fighting       | 2 4 5 |  5.4
Transmutations | 3 4 5 |  5.4
Spellcasting   | 4 5 |  5.2
Dodging        | 4 |  4.2

Action                   |  1- 3 |  4- 6 |  7- 9 || total
-------------------------+-------+-------+-------++-------
Melee: Unarmed           |   105 |   124 |   190 ||   419
       Constrict         |    25 |    29 |    24 ||    78
       Tentacles         |    15 |    19 |    16 ||    50
       Punch             |     1 |     3 |     5 ||     9
       Kick              |     6 |    15 |    20 ||    41
 Cast: Beastly Appendage |     5 |    11 |    12 ||    28
       Sticks to Snakes  |       |     2 |     7 ||     9
       Spider Form       |       |     1 |     5 ||     6
       Ice Form          |       |       |     2 ||     2
  Use: Scroll            |       |    11 |     5 ||    16
       Potion            |       |       |     6 ||     6
 Stab: Sleeping          |     6 |     5 |     7 ||    18
       Distracted        |     1 |       |       ||     1
  Eat: Chunk             |     3 |     9 |     6 ||    18
       Ration            |       |       |     2 ||     2
Armor: Skin              |    13 |     5 |    54 ||    72
Dodge: Dodged            |    68 |    65 |   130 ||   263
